 Dungeon Crawl Stone Soup version 0.21.1-1-g345015f (webtiles) character file.

501 inc the Covert (level 7, -1/61 HPs)
             Began as an Octopode Enchanter on Apr 23, 2018.
             Was an Initiate of Gozag.
             Slain by a jackal (2 damage)
             ... on level 6 of the Dungeon.
             The game lasted 00:04:52 (3723 turns).

inc the Covert (Octopode Enchanter)                 Turns: 3723, Time: 00:04:53

Health: -1/61      AC:  1    Str: 12    XL:     7   Next: 17%
Magic:  2/14       EV: 13    Int: 21    God:    Gozag
Gold:   138        SH:  0    Dex: 13    Spells: 10/16 levels left

rFire    . . .     SeeInvis .   a - +1 dagger
rCold    . . .     Gourm    .   (no shield)
rNeg     . . .     Faith    .   (helmet restricted)
rPois    .         Spirit   .   (no amulet)
rElec    .         Reflect  .   j - +2 ring of intelligence
rCorr    .         Harm     .   (no ring)
MR       .....                  (no ring)
Stlth    ..........             (no ring)
HPRegen  0.20/turn              (no ring)
MPRegen  0.14/turn              (no ring)
                                (no ring)
                                (no ring)

@: berserking, marked, gold aura, very slightly contaminated, very quick
A: almost no armour, stealthy swim, amphibious, 8 rings, constrict 8, camouflage
1, gelatinous body 1
a: Potion Petition, Call Merchant, Bribe Branch, Renounce Religion


You were on level 6 of the Dungeon.
You worshipped Gozag.
Gozag was aware of your devotion.
You were not hungry.

You visited 1 branch of the dungeon, and saw 5 of its levels.

You collected 170 gold pieces.
You paid 32 gold pieces to Gozag.

Inventory:

Hand Weapons
 a - a +1 dagger (weapon)
Jewellery
 j - a +2 ring of intelligence (left tentacle)
Wands
 k - a wand of polymorph (30)
Scrolls
 f - a scroll of remove curse
 g - 2 scrolls of identify
Potions
 d - a potion of heal wounds
 h - a potion of curing
Books
 b - a book of Maledictions

   Spells                             Type                      Level
   a - Corona                         Hexes                        1
   b - Ensorcelled Hibernation        Hexes/Ice                    2
   c - Confuse                        Hexes                        3
   d - Tukima's Dance                 Hexes                        3
   e - Dazzling Spray                 Conjuration/Hexes            3
Comestibles
 c - 6 rations


   Skills:
 - Level 1.4 Short Blades
 - Level 2.0 Dodging
 - Level 8.0 Stealth
 + Level 5.2 Spellcasting
 - Level 3.0 Hexes


You had 10 spell levels left.
You knew the following spells:

 Your Spells              Type           Power        Failure   Level  Hunger
a - Corona                Hex            ###....      3%          1    None
b - Ensorcelled Hibernat  Hex/Ice        ##....       9%          2    None
c - Confuse               Hex            ###.....     9%          3    ##.....


Dungeon Overview and Level Annotations

Branches:
Dungeon (4/15)
 Temple: D:4-7

Altars:
Cheibriados
Gozag
Ru
Trog

Annotations:
D:4 microfolk's ghost, amateur DDNe


Innate Abilities, Weirdness & Mutations

You cannot wear most types of armour.
You are very stealthy in the water. (Stealth+)
You are amphibious.
You can wear up to eight rings at the same time.
You can use your tentacles to constrict eight enemies at once.
Your skin changes colour to match your surroundings (Stealth+).
Your rubbery body absorbs attacks. (AC +1, EV +1)


Message History

Something barely misses you. The jackal bites you.
* * * LOW HITPOINT WARNING * * *
The shadow imp closely misses you.
You are too berserk!
Unknown command.
You barely miss the jackal.
The jackal is no longer distracted by gold.
You kill the jackal!
The giant cockroach zombie bites you but does no damage.
The jackal closely misses you. Something barely misses you.
The jackal bites you.
* * * LOW HITPOINT WARNING * * *
A jackal comes into view.
You hit the shadow imp. Your grab misses the shadow imp.
Your squeeze misses the shadow imp.
The shadow imp is heavily wounded.
The jackal is distracted by the nearby gold.
The shadow imp barely misses you. The jackal bites you.
You die...
Your body crumbles into a pile of gold.

..# ##......###'###
#... ##.#######.h.#
.... #..#$.$ #h..#
.....###..#.)h ##...#
.....#....#$.F##....#
.........# ###.Z.##
..#....## ###hh..# #
#....####{$h..##
#..#..#..s5@h.##
#..##.'...Z..## ...
#.#....### ...
#.######
...F...........
.##............
#..##..#####. #...
##.. #.. #.#


You could see a shadow imp, a giant cockroach zombie, 6 jackals, a giant
cockroach and a wyvern skeleton.

Vanquished Creatures
  Prince Ribbit (D:6)
  2 bullfrogs
  A scorpion (D:6)
  A worker ant (D:6)
  5 adders
  2 worms
  6 dart slugs
  A leopard gecko (D:1)
  An orc (D:3)
  A ball python (D:2)
  5 giant cockroaches
  4 goblins
  5 hobgoblins
  4 jackals
  2 quokkas
  5 bats
  5 frilled lizards
  6 kobolds
  6 rats
63 creatures vanquished.

Notes
Turn   | Place    | Note
-------+----------+-------------------------------------------
     0 | D:1      | inc the Octopode Enchanter began the quest for the Orb.
     0 | D:1      | Reached XP level 1. HP: 11/11 MP: 3/3
   187 | D:1      | Reached XP level 2. HP: 17/17 MP: 5/5
   242 | D:1      | Reached skill level 5 in Stealth
   555 | D:1      | Reached XP level 3. HP: 8/21 MP: 6/6
  1250 | D:2      | Reached skill level 6 in Stealth
  1355 | D:2      | Noticed a bullfrog
  1363 | D:2      | Killed a bullfrog
  1363 | D:2      | Reached skill level 7 in Stealth
  1363 | D:2      | Reached XP level 4. HP: 8/27 MP: 7/7
  1365 | D:2      | Reached XP level 5. HP: 9/31 MP: 8/8
  1607 | D:2      | Learned a level 2 spell: Ensorcelled Hibernation
  1611 | D:2      | Learned a level 3 spell: Confuse
  2138 | D:3      | Reached skill level 8 in Stealth
  2184 | D:3      | Found a sacrificial altar of Ru.
  2192 | D:3      | Found an opulent altar of Gozag.
  2267 | D:4      | Noticed microfolk's ghost (amateur DDNe)
  2276 | D:3      | Found a snail-covered altar of Cheibriados.
  2276 | D:3      | Found a bloodstained altar of Trog.
  2280 | D:3      | Became a worshipper of Gozag Ym Sagoz the Greedy
  3474 | D:4      | You fall through a shaft for 2 floors!
  3661 | D:6      | Noticed Prince Ribbit
  3706 | D:6      | Noticed a centaur
  3712 | D:6      | Killed Prince Ribbit
  3712 | D:6      | Reached XP level 6. HP: 36/36 MP: 1/12
  3716 | D:6      | Reached XP level 7. HP: 29/41 MP: 1/14
  3721 | D:6      | Reached skill level 5 in Spellcasting
  3721 | D:6      | HP: 2/61 [jackal (2)]
  3723 | D:6      | Slain by a jackal

Skill      XL: |  1  2  3  4  5  6  7 |
---------------+----------------------+-----
Stealth        | 5 7 8 |  8.0
Spellcasting   | 4 5 |  5.2
Short Blades   | |  1.4
Dodging        | |  2.0
Hexes          | |  3.0

Action                   |  1- 3 |  4- 6 |  7- 9 || total
-------------------------+-------+-------+-------++-------
Melee: Dagger            |    69 |    68 |     7 ||   144
       Tentacles         |    12 |     8 |     2 ||    22
       Constrict         |    13 |    14 |     2 ||    29
 Cast: Ensorcelled Hiber |       |     5 |       ||     5
       Confuse           |       |     1 |       ||     1
  Use: Scroll            |       |     6 |       ||     6
       Potion            |       |     2 |       ||     2
 Stab: Sleeping          |    10 |    14 |       ||    24
       Confused          |       |     1 |       ||     1
  Eat: Ration            |       |     3 |       ||     3
       Chunk             |       |     1 |       ||     1
Armor: Skin              |     4 |     6 |     2 ||    12
Dodge: Dodged            |    47 |    35 |    11 ||    93
